2397 views
Uploaded 2021-08-14 06:59:10
Game version 1.32.10
15:41 long 1on1 ladder game on (2)ConcealedHill
Saved by aom
2397 views
Uploaded 2021-08-14 06:59:10
Game version 1.32.10
15:41 long 1on1 ladder game on (2)ConcealedHill

18 units @ 2.9k
/ 0.3k
10 buildings @ 1.6k
/ 0.6k



| Rod of Necromancy | 2 | 300 |
| Orb of Corruption | 1 | 375 |
| Scroll of Town Portal | 1 | 350 |
| total: | 4 | 1025g |
| Acolyte | 2 | 150 | / | 0 |
| Ghoul | 9 | 1080 | / | 0 |
| Crypt Fiend | 2 | 430 | / | 80 |
| Obsidian Statue | 2 | 400 | / | 70 |
| Gargoyle | 1 | 175 | / | 30 |
| Abomination | 1 | 240 | / | 70 |
| Goblin Shredder | 1 | 375 | / | 100 |
| total: | 18 | 2850g | / | 350w |
| Spirit Tower | 1 | 145 | / | 40 |
| Altar of Darkness | 1 | 180 | / | 50 |
| Ziggurat | 4 | 600 | / | 200 |
| Crypt | 1 | 200 | / | 50 |
| Tomb of Relics | 1 | 130 | / | 30 |
| Graveyard | 1 | 215 | / | 0 |
| Slaughterhouse | 2 | 280 | / | 270 |
| Halls of the Dead | 1 | 320 | / | 210 |
| Black Citadel | 1 | 325 | / | 230 |
| total: | 10 | 1605g | / | 600w |
| 0:03 | Acolyte |
| 0:05 | Altar of Darkness |
| 0:06 | Ziggurat |
| 0:22 | Crypt |
| 0:31 | Acolyte |
| 0:54 | Tomb of Relics |
| 1:18 | Graveyard |
| 1:24 | Ghoul |
| 1:44 | Ghoul |
| 1:49 | Ghoul |
| 2:03 | Rod of Necromancy |
| 2:06 | Sleep |
| 2:31 | Halls of the Dead |
| 2:35 | Ghoul |
| 2:35 | Ghoul |
| 2:53 | Ghoul |
| 3:47 | Vampiric Aura |
| 3:54 | Unholy Strength |
| 3:56 | Ziggurat |
| 4:08 | Unholy Armor |
| 4:17 | Ziggurat |
| 4:55 | Black Citadel |
| 5:28 | Crypt Fiend |
| 5:54 | Death Coil |
| 6:02 | Slaughterhouse |
| 6:03 | Slaughterhouse |
| 6:24 | Rod of Necromancy |
| 6:33 | Crypt Fiend |
| 7:15 | Obsidian Statue |
| 7:22 | Ghoul Frenzy |
| 7:25 | Cannibalize |
| 7:45 | Goblin Shredder |
| 8:17 | Ghoul |
| 8:17 | Ghoul |
| 8:32 | Vampiric Aura |
| 8:53 | Web |
| 9:11 | Unholy Aura |
| 10:14 | Destroyer Form |
| 10:15 | Obsidian Statue |
| 10:18 | Gargoyle |
| 10:21 | Ziggurat |
| 10:37 | Creature Attack |
| 11:21 | Abomination |
| 11:25 | Improved Unholy Armor |
| 11:35 | Orb of Corruption |
| 11:39 | Death Coil |
| 11:42 | Scroll of Town Portal |
| 12:37 | Impale |
| 13:02 | Carrion Swarm |
| 13:10 | Ghoul |
| 13:14 | Improved Unholy Strength |
| 13:38 | Spirit Tower |
| 14:22 | Unholy Aura |
| Select group | 1076 |
| Right click | 512 |
| Select | 321 |
| Misc. action | 92 |
| Build/train/purchase | 57 |
| Assign group | 28 |
| Use ability | 28 |
| Remove unit | 3 |
| Esc | 2 |
| Item give/drop | 1 |
| Minimap ping | 1 |
22 units @ 4k
/ 0.6k
11 buildings @ 1.7k
/ 0.5k


| Rod of Necromancy | 1 | 150 |
| total: | 1 | 150g |
| Acolyte | 3 | 225 | / | 0 |
| Ghoul | 3 | 360 | / | 0 |
| Crypt Fiend | 16 | 3440 | / | 640 |
| total: | 22 | 4025g | / | 640w |
| Spirit Tower | 2 | 290 | / | 80 |
| Ziggurat | 5 | 750 | / | 250 |
| Altar of Darkness | 1 | 180 | / | 50 |
| Crypt | 1 | 200 | / | 50 |
| Tomb of Relics | 2 | 260 | / | 60 |
| Graveyard | 1 | 215 | / | 0 |
| Slaughterhouse | 1 | 140 | / | 135 |
| Halls of the Dead | 1 | 320 | / | 210 |
| total: | 11 | 1745g | / | 545w |
| 0:07 | Ziggurat |
| 0:09 | Altar of Darkness |
| 0:13 | Acolyte |
| 0:14 | Acolyte |
| 0:14 | Acolyte |
| 0:37 | Crypt |
| 1:27 | Tomb of Relics |
| 1:37 | Ziggurat |
| 1:42 | Ghoul |
| 1:44 | Ghoul |
| 1:50 | Ghoul |
| 2:11 | Death Coil |
| 2:57 | Graveyard |
| 3:19 | Rod of Necromancy |
| 4:06 | Halls of the Dead |
| 4:20 | Unholy Aura |
| 4:32 | Crypt Fiend |
| 4:33 | Crypt Fiend |
| 6:11 | Spirit Tower |
| 6:13 | Spirit Tower |
| 6:16 | Crypt Fiend |
| 6:16 | Crypt Fiend |
| 6:16 | Crypt Fiend |
| 6:16 | Crypt Fiend |
| 6:17 | Crypt Fiend |
| 6:17 | Crypt Fiend |
| 6:23 | Ziggurat |
| 7:02 | Crypt Fiend |
| 7:32 | Crypt Fiend |
| 8:00 | Slaughterhouse |
| 8:10 | Ziggurat |
| 9:02 | Death Coil |
| 9:11 | Crypt Fiend |
| 9:15 | Creature Attack |
| 9:16 | Creature Carapace |
| 9:19 | Crypt Fiend |
| 9:24 | Ziggurat |
| 9:45 | Tomb of Relics |
| 9:58 | Crypt Fiend |
| 10:11 | Sleep |
| 10:30 | Crypt Fiend |
| 11:09 | Crypt Fiend |
| 11:14 | Crypt Fiend |
| 11:15 | Burrow |
| 11:21 | Improved Creature Attack |
| 11:27 | Improved Creature Carapace |
| 11:27 | Advanced Creature Carapace |
| 12:55 | Vampiric Aura |
| 14:16 | Unholy Aura |
| Right click | 394 |
| Select | 174 |
| Misc. action | 63 |
| Build/train/purchase | 51 |
| Select group | 44 |
| Use ability | 15 |
| Assign group | 4 |
| Chat | 4 |
| Remove unit | 2 |